Map: Bastion of the Conclave

Players

Ghost

  • Race: Protoss Protoss
  • Spawn Location: 6:00

IronPalm

  • Race: Terran Terran
  • League: Platinum
  • Spawn Location: 6:00

grattosaurus

  • Race: Zerg Zerg
  • Spawn Location: 6:00

JaySlays

  • Race: Protoss Protoss
  • Spawn Location: 12:00

Wolf

  • Race: Terran Terran
  • League: Diamond
  • Spawn Location: 0:00

DestrO

  • Race: Protoss Protoss
  • League: Gold
  • Spawn Location: 12:00

VOD

Have the link to the VOD?

Description

Time

  • Played on: April 20, 2018, 1:18 a.m.
  • Length: 4:45
Show
View Real Time Build Order
Export as new Build Order

Ghost Protoss 

Build Orders: Cannon Rush 

Get SALT Encoding   

  12  0:01  Probe  
  13  0:14  Probe  
  14  0:26  Pylon  
  14  1:13  Forge  
  14  1:34  Pylon  
  14  1:36  Probe  
  15  1:42  Pylon  
  15  1:44  Probe, Assimilator  
  15  1:47  Photon Cannon  
  16  1:54  Photon Cannon  
  16  1:56  Photon Cannon  
  17  2:05  Photon Cannon  
  16  2:32  Pylon  
  16  2:37  Pylon  
  16  2:52  Photon Cannon  
  16  2:55  Photon Cannon  
  16  2:56  Photon Cannon  
  16  3:09  Pylon  
  16  3:34  Photon Cannon  
  16  3:40  Photon Cannon  
  16  3:46  Probe  
  16  3:49  Gateway  
  16  3:54  Probe  
  18  4:23  Photon Cannon  
  18  4:28  Pylon  
  18  4:32  Photon Cannon  
  18  4:40  Cybernetics Core  
  18  4:42  Assimilator  
Show
View Real Time Build Order
Export as new Build Order

IronPalm Terran 

Build Orders:  

Get SALT Encoding   

  12  0:01  SCV  
  13  0:13  SCV  
  14  0:18  Supply Depot  
  14  0:25  SCV  
  15  0:42  Barracks  
  15  0:44  SCV  
  16  0:54  Barracks  
  16  0:57  SCV  
  17  1:10  SCV  
  18  1:22  SCV, Refinery  
  19  1:30  Marine  
  20  1:35  Supply Depot  
  20  1:36  Orbital Command  
  20  1:42  Marine  
  21  1:47  Marine  
  22  2:00  Marine  
  22  2:01  Barracks  
  23  2:06  SCV  
  23  2:07  Marine  
  25  2:18  Marine  
  25  2:20  Refinery  
  26  2:25  Marine  
  27  2:33  SCV  
  27  2:36  Marine  
  29  2:42  Marine  
  30  2:54  SCV  
  31  2:58  Command Center  
  31  3:06  Supply Depot  
  31  3:08  Marine, Barracks Tech Lab  
  32  3:18  Marine  
  33  3:26  Marine  
  33  3:36  Marine  
  33  3:37  Marine  
  34  3:44  Factory  
  34  3:53  Barracks Reactor  
  34  3:56  Marine, Marauder  
  37  4:04  SCV  
  38  4:14  Marine  
  38  4:16  SCV, Orbital Command  
  40  4:17  Marauder  
Show
View Real Time Build Order
Export as new Build Order

grattosaurus Zerg 

Build Orders: Pool First 

Get SALT Encoding   

  12  0:02  Drone  
  13  0:13  Drone  
  14  0:25  Extractor  
  14  0:26  Extractor, Drone x2  
  16  0:41  Spawning Pool  
  15  0:46  Overlord  
  15  1:18  Hatchery  
  14  1:28  Zergling x4  
  16  1:35  Drone  
  17  1:52  Drone  
  17  1:53  Drone, Hatchery  
  18  2:04  Zergling x2  
  19  2:18  Drone  
  20  2:43  Queen  
  20  2:44  Drone x2  
  24  2:45  Queen  
  24  2:46  Drone x2  
  28  3:05  Overlord x2  
  28  3:07  Drone  
  28  3:08  Drone x2  
  28  3:09  Drone  
  32  3:28  Extractor  
  32  3:30  Drone x2, Extractor  
  32  3:31  Drone x4  
  36  3:34  Queen  
  38  4:00  Drone x5  
  38  4:01  Drone x4  
  46  4:32  Drone x2  
  46  4:33  Drone  
Show
View Real Time Build Order
Export as new Build Order

JaySlays Protoss 

Build Orders:  

Get SALT Encoding   

  1  0:00  Probe  
  13  0:09  Probe  
  14  0:20  Pylon  
  14  0:24  Probe  
  15  0:40  Forge  
  15  0:57  Probe  
  15  0:58  Pylon  
  15  1:08  Probe  
  16  1:12  Assimilator  
  16  1:13  Assimilator  
  16  1:16  Probe  
  16  1:17  Gateway  
  16  1:24  Probe  
  18  1:36  Probe  
  19  1:48  Probe  
  20  2:00  Nexus  
  20  2:04  Probe  
  21  2:19  Cybernetics Core  
  21  2:26  Pylon  
  21  2:45  Photon Cannon  
  21  2:49  Photon Cannon  
  21  2:55  Photon Cannon  
  21  3:08  Shield Battery  
  21  3:14  Adept  
  23  3:28  Photon Cannon  
  21  3:46  Photon Cannon  
  20  4:02  Photon Cannon  
  13  4:23  Probe  
  12  4:31  Probe  
Show
View Real Time Build Order
Export as new Build Order

Wolf Terran 

Build Orders:  

Get SALT Encoding   

  12  0:01  SCV  
  13  0:13  SCV  
  14  0:22  Supply Depot  
  14  0:25  SCV  
  15  0:48  Barracks  
  15  0:54  Barracks  
  15  0:58  SCV  
  16  1:05  Refinery  
  16  1:13  SCV  
  17  1:25  SCV  
  18  1:37  SCV  
  18  1:38  Barracks  
  19  1:40  Marine  
  19  1:42  Marine  
  21  1:56  SCV  
  22  2:02  Refinery  
  22  2:07  Factory  
  22  2:19  Orbital Command  
  21  2:49  Barracks Tech Lab  
  21  2:50  Barracks Reactor  
  21  2:55  SCV  
  21  2:58  Supply Depot  
  22  3:02  Supply Depot  
  22  3:10  Marine  
  23  3:16  SCV  
  23  3:17  Supply Depot  
  25  3:20  Cyclone  
  25  3:26  Marine x2  
  27  3:28  Marine  
  28  3:46  Marine x4  
  32  4:04  Marine x2  
  32  4:05  Marine x2  
  32  4:09  Factory Reactor  
  33  4:12  SCV  
  33  4:17  Supply Depot  
  30  4:24  SCV  
Show
View Real Time Build Order
Export as new Build Order

DestrO Protoss 

Build Orders: Nexus First 

Get SALT Encoding   

  1  0:00  Probe  
  12  0:05  Probe  
  14  0:15  Probe  
  15  0:22  Pylon  
  15  0:40  Probe  
  16  0:52  Probe  
  17  1:02  Nexus  
  17  1:04  Probe  
  18  1:18  Probe  
  19  1:22  Forge  
  19  1:29  Gateway  
  19  1:35  Probe  
  19  1:38  Assimilator  
  20  1:42  Assimilator  
  20  1:47  Probe  
  21  1:57  Photon Cannon  
  21  2:06  Probe  
  22  2:17  Cybernetics Core  
  22  2:18  Probe  
  22  2:21  Pylon, Probe  
  23  2:29  Probe  
  24  2:30  Probe  
  26  2:38  Probe  
  27  2:47  Probe  
  28  2:52  Gateway  
  28  2:54  Stalker  
  30  3:12  Gateway  
  30  3:17  Probe  
  31  3:24  Stalker  
  33  3:29  Probe  
  31  3:38  Probe  
  28  3:46  Probe  
  28  3:48  Stalker  
  31  3:54  Stalker  
  34  3:56  Probe  
  34  3:58  Stalker  
Tags
 
Add a new tag
Caveats
  • Supply blocks, unpowered buildings, or Contaminate may cause inaccurate times.
  • Supply counts are checked every 10 seconds.